 Dungeon Crawl Stone Soup version 0.20-a0-513-g02c11fc (webtiles) character file.

67 Kaname the Charmwright (level 4, 27/33 HPs)
             Began as a Demonspawn Skald on Jan 23, 2017.
             Quit the game on level 2 of the Dungeon.
             The game lasted 00:03:51 (1757 turns).

Kaname the Charmwright (Demonspawn Skald)           Turns: 1757, Time: 00:03:51

Health: 27/33      AC:  5    Str: 11    XL:     4   Next: 0%
Magic:  7/7        EV: 11    Int: 16    God:
Gold:   56         SH:  0    Dex: 12    Spells: 2/7 levels left

rFire    . . .     SeeInvis .   n - +0 dagger (elec)
rCold    . . .     Gourm    .   b - +0 leather armour
rNeg     . . .     Faith    .   (no shield)
rPois    .         Spirit   .   (helmet restricted)
rElec    .         Reflect  .   (no cloak)
rCorr    .         Harm     .   (no gloves)
MR       +....                  (no boots)
Stlth    +.........             (no amulet)
Regen    0.2/turn               (no ring)
                                e - ring of protection from magic

@: no status effects
A: horns 1, iridescent scales 1
a: no special abilities


You were on level 2 of the Dungeon.
You were not hungry.

You visited 1 branch of the dungeon, and saw 2 of its levels.

You collected 56 gold pieces.

Inventory:

Hand Weapons
 a - a +0 spear
 n - a +0 dagger of electrocution (weapon)
Armour
 b - a +0 leather armour (worn)
Jewellery
 e - a ring of protection from magic (left hand)
Scrolls
 i - a scroll of remove curse {unknown}
 j - a scroll of amnesia {unknown}
 m - a scroll of identify {unknown}
Potions
 g - a potion of flight {unknown}
 k - a potion of berserk rage {unknown}
 l - 2 potions of haste {unknown}
 o - 2 potions of might {unknown}
 p - 2 potions of ambrosia {unknown}
Books
 c - a book of Battle

   Spells                             Type                      Level
   a - Infusion                       Charms                       1
   b - Shroud of Golubria             Charms/Translocation         2
   c - Song of Slaying                Charms                       2
   d - Spectral Weapon                Hexes/Charms                 3
   e - Regeneration                   Charms/Necromancy            3
Comestibles
 d - a bread ration
 f - 4 fruits
 h - a royal jelly


   Skills:
 - Level 2.0 Fighting
 + Level 2.5 Polearms
 - Level 0.8 Armour
 - Level 1.7 Dodging
 - Level 2.0 Spellcasting
 - Level 4.0 Charms


You had 2 spell levels left.
You knew the following spells:

 Your Spells              Type           Power        Failure   Level  Hunger
a - Infusion              Chrm           ##..         6%          1    #......
b - Song of Slaying       Chrm           ##......     10%         2    ###....
c - Shroud of Golubria    Chrm/Tloc      #.........   17%         2    ###....


Dungeon Overview and Level Annotations

Branches:
Dungeon (2/15)

Altars:


Innate Abilities, Weirdness & Mutations

You have a pair of small horns on your head.
You are partially covered in iridescent scales. (AC +2)


Message History

You start resting.
Eating a chunk of flesh.
You eat the chunk of flesh.
This raw flesh tastes terrible.
HP restored.
You see here a giant cockroach corpse.
Things that are here:
a club; a hobgoblin corpse You see here 2 stones.
You see here a stone.
A hobgoblin comes into view. It is wielding a club.
The hobgoblin shouts!
A hobgoblin is nearby!
A hobgoblin is nearby!
A hobgoblin is nearby!
The hobgoblin hits you with a club.
You hit the hobgoblin.
There is a sudden explosion of sparks!
You kill the hobgoblin!
You have reached level 4!
You feel clever.
Your demonic ancestry asserts itself...
Iridescent scales grow over part of your body.
Are you sure you want to abandon this character and quit the game? (Confirm with "yes".)

..#.##..#.#..........#....
. #.###.#.#...............
.... #.##..##.##..##.##
..... #...............##
... #..<.......#.##...
...#.....##.#.#..#.##
#.#(....##.#..)>....
#.)...........)...##
.#####@...##..#..#.#.#
#.................#.#.#
#.####.........#..#.#.#
#.###..#.....#.#.#
#.###..#..##.#.#.#
#......#..........
######...........
#.#.#########.#.........#
#.#........[#(##.####....


There were no monsters in sight!

Vanquished Creatures
  2 worms (D:2)
  4 dart slugs (D:1)
  4 leopard geckos
  4 giant cockroaches
  12 hobgoblins
  A ball python (D:2)
  5 bats
  4 frilled lizards
  3 goblins (D:1)
  4 kobolds
  5 rats
48 creatures vanquished.

Notes
Turn   | Place    | Note
-------+----------+-------------------------------------------
     0 | D:1      | Kaname the Demonspawn Skald began the quest for the Orb.
     0 | D:1      | Reached XP level 1. HP: 16/16 MP: 3/3
   225 | D:1      | Reached skill level 3 in Charms
   444 | D:1      | Gained mutation: You have a pair of small horns on your head. [demonic ancestry]
   444 | D:1      | Reached XP level 2. HP: 17/22 MP: 5/5
   453 | D:1      | Learned a level 2 spell: Song of Slaying
   456 | D:1      | Learned a level 2 spell: Shroud of Golubria
   773 | D:1      | Reached XP level 3. HP: 20/27 MP: 6/6
  1087 | D:2      | Reached skill level 4 in Charms
  1756 | D:2      | Gained mutation: You are partially covered in iridescent scales. (AC +2) [demonic ancestry]
  1756 | D:2      | Reached XP level 4. HP: 27/33 MP: 7/7
  1757 | D:2      | Quit the game

Vault maps used:
D:1:      lightli_arrival_boilingwater, kennysheep_boxes
D:2:      gammafunk_temple_overflow_wave

Skill      XL: |  1  2  3 |
---------------+----------+-----
Polearms       | 2 |  2.5
Charms         | 3 4 |  4.0
Fighting       | |  2.0
Armour         | |  0.8
Dodging        | |  1.7
Spellcasting   | |  2.0

Action                   |  1- 3 |  4- 6 || total
-------------------------+-------+-------++-------
Melee: Spear             |    30 |       ||    30
       Mace              |    29 |       ||    29
       Dagger            |    87 |       ||    87
       Headbutt          |    14 |       ||    14
 Cast: Infusion          |     3 |       ||     3
       Song of Slaying   |     1 |       ||     1
  Eat: Chunk             |     3 |       ||     3
Armor: Leather armour    |    44 |       ||    44
Dodge: Dodged            |    82 |       ||    82
